 Dungeon Sprint DCSS version 0.30.1-11-g7821555f0a (webtiles) character file.

Game seed: 12254961040582920852

4120 Groucho the Geomancer (level 10, -2/59 HPs)
             Began as a Deep Elf Earth Elementalist on Dec 11, 2023.
             Was the Champion of Sif Muna.
             Slain by a merfolk
             ... wielding a +0 trident
              (5 damage)
             ... in the Dungeon (Sprint VII: "The Pits").
             The game lasted 00:14:42 (3575 turns).

Groucho the Geomancer (Deep Elf Earth Elementalist) Turns: 3575, Time: 00:14:42

Health: -2/59      AC: 10    Str:  8    XL:     10   Next: 6%
Magic:  18/26      EV: 13    Int: 28    God:    Sif Muna [******]
Gold:   0          SH:  0    Dex: 15    Spells: 15/29 levels left

rFire   . . .        h - +2 dagger
rCold   . . .        (no shield)
rNeg    . . .        n - +3 ring mail
rPois   .            (no helmet)
rElec   .            (no cloak)
rCorr   .            u - +0 pair of gloves
SInv    .            (no boots)
Will    +....        (no amulet)
Stlth   ++           p - +3 ring of strength
HPRegen 0.29/turn    q - +3 ring of intelligence
MPRegen 0.20/turn

%: no teleportation
@: hasted, invisible, very quick
A: no striking features
a: Renounce Religion, Channel Magic, Forget Spell, Divine Exegesis


You were in the Dungeon.
You worshipped Sif Muna.
Sif Muna was exalted by your worship.
You visited 1 branch

Inventory:

Hand Weapons
 h - a +2 dagger (weapon)
 i - a +2 quarterstaff
 m - a +1 dagger of venom
 o - a +0 shortbow
 t - a +2 rapier of electrocution
Armour
 n - a +3 ring mail (worn)
 u - a +0 pair of gloves (worn)
Jewellery
 p - a +3 ring of strength (left hand)
 q - a +3 ring of intelligence (right hand)
Scrolls
 k - 5 scrolls of amnesia
Potions
 c - 6 potions of curing
 d - 7 potions of heal wounds
 e - a potion of haste
 f - 3 potions of berserk rage
 j - a potion of invisibility
 r - 2 potions of might
 s - 2 potions of brilliance


   Skills:
 - Level 5.0 Fighting
 - Level 5.0 Short Blades
 - Level 7.0 Armour
 - Level 8.0 Dodging
 - Level 5.0 Stealth
 - Level 10.0 Spellcasting
 - Level 10.0 Conjurations
 - Level 12.0 Transmutations
 + Level 13.0 Earth Magic


You had 15 spell levels left.
You knew the following spells:

 Your Spells              Type           Power      Damage    Failure   Level
a - Sandblast             Erth           100%       2d20      1%          1
b - Stone Arrow           Conj/Erth      100%       3d13      1%          3
c - Petrify               Tmut/Erth      71%        N/A       1%          4
d - Statue Form           Tmut/Erth      47%        N/A       10%         6

Your spell library contained the following spells:

 Spells                   Type           Power      Damage    Failure   Level
 Beastly Appendage        Tmut           100%       N/A       1%          1
 Momentum Strike          Conj/Tloc      84%        3d10      1%          2
 Passwall                 Tmut/Erth      59%        N/A       1%          2
 Wereblood                Tmut           69%        N/A       1%          2
 Spider Form              Tmut/Pois      47%        N/A       2%          3
 Animate Armour           Summ/Erth      100%       N/A       7%          4
 Cigotuvi's Dreadful Rot  Necr/Pois/Air  28%        N/A       16%         2
 Yara's Violent Unravell  Hex/Tmut       23%        3d10      24%         5
 Arcjolt                  Conj/Air       21%        1d31      36%         5
 Freezing Cloud           Conj/Ice/Air   16%        6-21      58%         5
 Metabolic Englaciation   Hex/Ice        7%         N/A       96%         5


Dungeon Overview and Level Annotations

Branches:
Dungeon (1/1)

Altars:
Ashenzari
Cheibriados
Dithmenos
Elyvilon
Fedhas
Gozag
Hepliaklqana
Kikubaaqudgha
Makhleb
Nemelex Xobeh
Okawaru
Qazlal
Ru
Sif Muna
Trog
Uskayaw
Vehumet
Wu Jian
Xom
Yredelemnul
Zin
The Shining One
Jiyva
Lugonu

Annotations:
D Jessica, Urug


Message History

The stone arrow hits the swamp dragon.
You kill the swamp dragon!
Sif Muna accepts your kill.
You are engulfed in poison gas.
You are more poisoned.
* * * LOW HITPOINT WARNING * * *
You feel extremely sick.
The merfolk is engulfed in poison gas.
The merfolk is poisoned.
The merfolk hits you from afar with a +0 trident.
* * * LOW HITPOINT WARNING * * *
Training target 10.0 for Spellcasting reached!
Your Spellcasting skill increases to level 10!
You need to enable at least one skill for training.
Your Earth Magic skill increases to level 13!
You have reached level 10!
Unknown command.
You feel better.
The merfolk hits you from afar with a +0 trident!
* * * LOW HITPOINT WARNING * * *
You feel much better. The merfolk barely misses you.
You fade into invisibility!
The small abomination barely misses you.
The merfolk barely misses you. The small abomination hits you!
Unknown command.
Unknown command.
The merfolk looks more healthy.
Unknown command.
The small abomination hits you but does no damage.
Urug throws a silver javelin.
The silver javelin barely misses the small abomination.
The silver javelin pierces through you!
* * * LOW HITPOINT WARNING * * *
Unknown command.
You feel much better. The small abomination hits you!!
The merfolk closely misses you.
You feel yourself speed up. The small abomination hits you!
* * * LOW HITPOINT WARNING * * *
The hound closely misses you.
The merfolk hits you from afar with a +0 trident.
You die...

############ #_________.#
#_________.#
#_______...###########++######
##########'##................#
#.?(.')))'.##......#..#......#
##########.##÷....@..........+
#.).))...).)'.@h.............+
#)#####'#####.)xmo.#..#......#
#.#).#...'.##.......†........#
#)#..#)..#.#####'#####''######
#)#..#####.##.......##++#
#.#..'...#.##.......##..##
#.#..'...'.##.......##..D##
#.#.)########...<...###...##+##
#.#..'..)).##.......# ##...h...


You could see Urug (unable to see you), a merfolk (unable to see you), a small
abomination (unable to see you), a hound and Jessica (unable to see you).

Vanquished Creatures
  A two-headed ogre (D)
  A swamp dragon (D)
  A deep elf zephyrmancer (D)
  A polar bear (D)
  A hellwing (D)
  A wraith (D)
  6 yaks (D)
  A warg (D)
  2 floating eyes (D)
  A black bear (D)
  3 centaurs (D)
  A gnoll sergeant (D)
  6 killer bees (D)
  A crimson imp (D)
  A gnoll bouda (D)
  An iron imp (D)
  An orc wizard (D)
  10 gnolls (D)
  An adder (D)
  A river rat (D)
  An adder zombie (D)
  An orc (D)
  A ball python (D)
  A bat zombie (D)
  4 goblins (D)
  A frilled lizard (D)
  A kobold (D)
52 creatures vanquished.

Notes
Turn   | Place    | Note
-------+----------+-------------------------------------------
     0 | D        | Groucho the Deep Elf Earth Elementalist began the quest for
                  | the Orb.
     0 | D        | Reached XP level 1. HP: 10/10 MP: 6/6
    15 | D        | Reached skill level 5 in Earth Magic
    15 | D        | Reached skill level 1 in Fighting
    15 | D        | Reached XP level 2. HP: 17/17 MP: 2/8
    48 | D        | Found a bloodstained altar of Trog.
    48 | D        | Found a shimmering blue altar of Sif Muna.
    48 | D        | Found a viscous altar of Jiyva.
    48 | D        | Found a hazy altar of Hepliaklqana.
    48 | D        | Found an opulent altar of Gozag.
    49 | D        | Found a glowing golden altar of the Shining One.
    49 | D        | Found a glowing silver altar of Zin.
    49 | D        | Found a basalt altar of Yredelemnul.
    49 | D        | Found a shimmering altar of Xom.
    49 | D        | Found an ornate altar of the Wu Jian Council.
    49 | D        | Found a sacrificial altar of Ru.
    49 | D        | Found a stormy altar of Qazlal.
    49 | D        | Found an iron altar of Okawaru.
    49 | D        | Found a sparkling altar of Nemelex Xobeh.
    49 | D        | Found a burning altar of Makhleb.
    49 | D        | Found a blossoming altar of Fedhas.
    49 | D        | Found a white marble altar of Elyvilon.
    49 | D        | Found a shadowy altar of Dithmenos.
    49 | D        | Found a snail-covered altar of Cheibriados.
    51 | D        | Found a radiant altar of Vehumet.
    51 | D        | Found a corrupted altar of Lugonu.
    52 | D        | Found a hide-covered altar of Uskayaw.
    52 | D        | Found an ancient bone altar of Kikubaaqudgha.
    52 | D        | Found a broken altar of Ashenzari.
    58 | D        | Became a worshipper of Sif Muna the Loreminder
   200 | D        | Noticed a floating eye
   204 | D        | Killed a floating eye
   204 | D        | Reached * piety under Sif Muna
   205 | D        | Reached skill level 5 in Conjurations
   205 | D        | Reached skill level 5 in Spellcasting
   205 | D        | Reached XP level 3. HP: 21/21 MP: 6/11
   205 | D        | Reached XP level 4. HP: 26/26 MP: 7/13
   209 | D        | Learned a level 3 spell: Stone Arrow
   219 | D        | Learned a level 4 spell: Petrify
   494 | D        | Noticed a floating eye
   496 | D        | Killed a floating eye
   496 | D        | Reached ** piety under Sif Muna
   497 | D        | Reached skill level 10 in Conjurations
   497 | D        | Reached skill level 5 in Transmutations
   497 | D        | Reached XP level 5. HP: 30/30 MP: 10/14
   867 | D        | Noticed a centaur
   884 | D        | Killed a centaur
   884 | D        | Reached *** piety under Sif Muna
   885 | D        | Reached skill level 8 in Earth Magic
   885 | D        | Reached XP level 6. HP: 35/35 MP: 7/15
   905 | D        | Reached skill level 9 in Earth Magic
  1161 | D        | Reached skill level 10 in Earth Magic
  1162 | D        | Reached **** piety under Sif Muna
  1655 | D        | Reached skill level 1 in Armour
  1655 | D        | Reached XP level 7. HP: 40/40 MP: 9/16
  1679 | D        | Reached ***** piety under Sif Muna
  1679 | D        | Received a gift from Sif Muna
  1964 | D        | Noticed a wraith
  1967 | D        | Killed a wraith
  2357 | D        | Received a gift from Sif Muna
  2595 | D        | Noticed a two-headed ogre
  2598 | D        | Killed a two-headed ogre
  2599 | D        | Reached skill level 5 in Short Blades
  2599 | D        | Reached skill level 5 in Stealth
  2599 | D        | Reached XP level 8. HP: 44/44 MP: 7/17
  2599 | D        | Noticed a hellwing
  2603 | D        | Killed a hellwing
  2864 | D        | Learned a level 6 spell: Statue Form
  2869 | D        | Noticed a polar bear
  2887 | D        | Reached skill level 5 in Fighting
  2889 | D        | Received a gift from Sif Muna
  2897 | D        | Killed a polar bear
  2898 | D        | Reached skill level 11 in Earth Magic
  2898 | D        | Reached XP level 9. HP: 22/54 MP: 0/18
  2904 | D        | Reached skill level 12 in Earth Magic
  2906 | D        | Got Sif Muna's Elucidation of Transformation and Envenoming
                  | {god gift}
  3180 | D        | Reached skill level 10 in Transmutations
  3186 | D        | Reached ****** piety under Sif Muna
  3263 | D        | Received a gift from Sif Muna
  3516 | D        | Got Sif Muna's Excursus on the Amalgamated Missiles {god
                  | gift}
  3530 | D        | Noticed Jessica
  3537 | D        | Noticed a deep elf zephyrmancer
  3538 | D        | Noticed a swamp dragon
  3548 | D        | Killed a deep elf zephyrmancer
  3551 | D        | Noticed a merfolk
  3553 | D        | Noticed Urug
  3565 | D        | Killed a swamp dragon
  3566 | D        | Reached skill level 10 in Spellcasting
  3566 | D        | Reached skill level 13 in Earth Magic
  3566 | D        | Reached XP level 10. HP: 13/59 MP: 16/26
  3575 | D        | Slain by a merfolk

Illustrated notes

Levels and vault maps discovered:
D:        pitsprint [storerooms_1, entrance_room_1, metal_vault_5, armoury_3,
          mini_pit_1, grid_room_1, main_hall_1, silver_pit, the_coven_2,
          the_vestibule_1, steel_vault_5, golden_pit, hallway_of_sentries,
          crystal_vault_3, iron_vault_3, final_vault]

Skill      XL: |  1  2  3  4  5  6  7  8  9 |
---------------+----------------------------+-----
Earth Magic    | 5 8 10 11 13 | 13.0
Fighting       | 1 2 5 |  5.0
Conjurations   | 8 10 | 10.0
Dodging        | 3 7 8 |  8.0
Stealth        | 3 5 |  5.0
Spellcasting   | 5 10 | 10.0
Transmutations | 5 7 12 | 12.0
Armour         | 1 7 |  7.0
Short Blades   | 5 |  5.0

Action                     |  1- 3 |  4- 6 |  7- 9 | 10-12 || total
---------------------------+-------+-------+-------+-------++-------
  Melee: Dagger            |       |     1 |    14 |       ||    15
         Punch             |       |       |     1 |       ||     1
   Cast: Sandblast         |     9 |     5 |    11 |       ||    25
         Stone Arrow       |       |    14 |    58 |       ||    72
         Petrify           |       |       |     2 |       ||     2
    Use: Potion            |       |       |     8 |     5 ||    13
         Scroll            |       |       |     2 |       ||     2
 Armour: Robe              |       |     2 |       |       ||     2
         Ring mail         |       |       |    14 |     1 ||    15
  Dodge: Dodged            |     2 |     7 |    42 |     5 ||    56
